 Dungeon Crawl Stone Soup version 0.21.1-1-g345015fe64 (webtiles) character file.

26 Henning the Vexing (level 3, 28/28 HPs)
             Began as a Gnoll Arcane Marksman on June 21, 2018.
             Quit the game on level 1 of the Dungeon.
             The game lasted 00:02:01 (381 turns).

Henning the Vexing (Gnoll Arcane Marksman)           Turns: 381, Time: 00:02:02

Health: 28/28      AC:  2    Str: 13    XL:     3   Next: 8%
Magic:  7/7        EV: 14    Int: 15    God:
Gold:   53         SH:  0    Dex: 15    Spells: 6/7 levels left

rFire    . . .     SeeInvis .   a - +0 hunting sling
rCold    . . .     Gourm    .   (no shield)
rNeg     . . .     Faith    .   e - +0 robe
rPois    .         Spirit   .   (no helmet)
rElec    .         Reflect  .   (no cloak)
rCorr    .         Harm     .   (no gloves)
MR       .....                  (no boots)
Stlth    ++........             (no amulet)
HPRegen  0.09/turn              (no ring)
MPRegen  0.10/turn              (no ring)

@: no status effects
A: distributed training, fangs 1, strong nose
a: no special abilities


You were on level 1 of the Dungeon.
You were not hungry.

You visited 1 branch of the dungeon, and saw 1 of its levels.

You collected 53 gold pieces.

Inventory:

Hand Weapons
 a - a +0 hunting sling (weapon)
Missiles
 d - 12 sling bullets (quivered)
 j - 23 stones
Armour
 e - a +0 robe (worn)
Scrolls
 b - a scroll of enchant weapon {unknown}
 h - a scroll of teleportation {unknown}
 k - a scroll of noise {unknown}
 n - a scroll of fog {unknown}
Potions
 g - 2 potions of lignification {unknown}
 i - a potion of brilliance {unknown}
 m - a potion of might {unknown}
Books
 c - a book of Debilitation

   Spells                             Type                      Level
   a - Corona                         Hexes                        1
   b - Slow                           Hexes                        2
   c - Inner Flame                    Hexes/Fire                   3
   d - Portal Projectile              Hexes/Translocation          3
   e - Cause Fear                     Hexes                        4
   f - Leda's Liquefaction            Hexes/Earth                  4
Comestibles
 f - 4 rations
 l - a chunk of flesh


   Skills:
 + Level 2.5 Fighting
 + Level 0.6 Short Blades
 + Level 0.6 Long Blades
 + Level 0.6 Axes
 + Level 0.6 Maces & Flails
 + Level 0.6 Polearms
 + Level 0.6 Staves
 + Level 4.5 Slings
 + Level 0.6 Bows
 + Level 0.6 Crossbows
 + Level 0.6 Throwing
 + Level 0.6 Armour
 + Level 4.5 Dodging
 + Level 0.6 Stealth
 + Level 0.6 Shields
 + Level 0.6 Unarmed Combat
 + Level 2.8 Spellcasting
 + Level 0.4 Conjurations
 + Level 5.4 Hexes
 + Level 0.4 Charms
 + Level 0.4 Summonings
 + Level 0.4 Necromancy
 + Level 0.4 Translocations
 + Level 0.4 Transmutations
 + Level 0.4 Fire Magic
 + Level 0.4 Ice Magic
 + Level 0.4 Air Magic
 + Level 0.4 Earth Magic
 + Level 0.4 Poison Magic
 + Level 0.8 Invocations
 + Level 0.6 Evocations


You had 6 spell levels left.
You knew the following spells:

 Your Spells              Type           Power        Failure   Level  Hunger
a - Corona                Hex            ###....      2%          1    #......


Dungeon Overview and Level Annotations

Branches:
Dungeon (1/15)

Altars:


Innate Abilities, Weirdness & Mutations

Your experience applies equally to all skills.
You have very sharp teeth.
Your uncanny sense of smell can sniff out nearby items.


Message History

Firing (i - inventory. (,) - cycle):
d - 15 sling bullets (quivered)
Press: ? - help, Shift-Dir - straight line, f/p - bat
Aim: a bat (severely wounded)
You shoot a sling bullet.
The sling bullet hits the bat but does no damage.
The bat is severely wounded.
The bat barely misses you. The bat closely misses you.
Firing (i - inventory. (,) - cycle):
d - 14 sling bullets (quivered)
Press: ? - help, Shift-Dir - straight line, f/p - bat
Aim: a bat (severely wounded)
You shoot a sling bullet. The sling bullet barely misses the bat.
The bat closely misses you.
Firing (i - inventory. (,) - cycle):
d - 13 sling bullets (quivered)
Press: ? - help, Shift-Dir - straight line, f/p - bat
Aim: a bat (severely wounded)
You shoot a sling bullet. The sling bullet hits the bat.
You kill the bat!
Quiver which item? (- for none, * to show all) (? for menu, Esc to quit)
Okay, then.
Are you sure you want to abandon this character and quit the game? (Confirm with "yes".)

#...#............)##...##.
##..##.####.#####).#.#)#..
#..##.# #.# #.##...##. ##..##.#
#.# #.#.###.#. #......# #.#
#..##.##.. #...#######.##
#......... #...#
#)....####.).#.#... ######...#
#..............#..#
.........####.@.###...........#
#####.....†.(### #............
#.######.# #............ #.# #(
#.........).. ∆ #.#
#.#####...........# #.#
#.........(....#### #.#
###.##.######.#### # #.#
#......# #.# ##. #.####......##
#.#


There were no monsters in sight!

Vanquished Creatures
  An ooze (D:1)
  2 dart slugs (D:1)
  A leopard gecko (D:1)
  2 bats (D:1)
  4 goblins (D:1)
  A jackal (D:1)
  2 kobolds (D:1)
  3 rats (D:1)
16 creatures vanquished.

Notes
Turn   | Place    | Note
-------+----------+-------------------------------------------
     0 | D:1      | Henning the Gnoll Arcane Marksman began the quest for the Orb.
     0 | D:1      | Reached XP level 1. HP: 17/17 MP: 4/4
    51 | D:1      | Reached XP level 2. HP: 23/23 MP: 3/5
   331 | D:1      | Reached XP level 3. HP: 25/28 MP: 4/7
   381 | D:1      | Quit the game

Action                   || total
-------------------------++-------
 Fire: Hunting sling     ||    43
 Cast: Corona            ||    11
Armor: Robe              ||     1
Dodge: Dodged            ||    11
